 Dungeon Sprint DCSS version 0.31-a0-841-g038b102fc3 (webtiles) character file.

Game seed: 15167991562278589587

103 sircluck the Ruffian (level 4, -3/50 HPs)
             Began as a Troll Berserker on Sept 27, 2023.
             Was an Elder of Trog.
             Slain by a gnoll
             ... wielding a +0 spear
             ... led by a gnoll bouda
              (4 damage)
             ... in the Dungeon (Sprint VII: "The Pits").
             The game lasted 00:00:24 (197 turns).

sircluck the Ruffian (Troll Berserker)               Turns: 197, Time: 00:00:25

Health: -3/50      AC:  4    Str: 27    XL:     4   Next: 51%
Magic:  3/3        EV: 10    Int:  3    God:    Trog [****..]
Gold:   0          SH:  0    Dex:  9    Spells: 3/3 levels left

rFire   . .          .
                       - Unarmed
rCold   . . .        (no shield)
rNeg    . . .        a - +0 animal skin
rPois   .            (helmet restricted)
rElec   .            (no cloak)
rCorr   .            (gloves unavailable)
SInv    .            (boots unavailable)
Will    .....        (no amulet)
Stlth   +            (no ring)
HPRegen 1.08/turn    (no ring)
MPRegen 0.08/turn

%: no teleportation
@: no status effects
A: large, unfitting armour, claws 3, regeneration 1, shaggy fur 1, tough skin 1
a: Renounce Religion, Berserk, Trog's Hand, Brothers in Arms


You were in the Dungeon.
You worshipped Trog.
Trog was greatly pleased with you.
You visited 1 branch

Inventory:

Armour
 a - a +0 animal skin (worn)
Scrolls
 g - a scroll of blinking
 i - 2 scrolls of vulnerability
 j - a scroll of butterflies
Potions
 b - 6 potions of curing
 c - 6 potions of heal wounds
 d - a potion of haste
 e - 4 potions of magic
 f - 3 potions of berserk rage
 h - 2 potions of invisibility


   Skills:
 + Level 5.0 Fighting
 + Level 4.9 Dodging
 + Level 5.9 Unarmed Combat


You had 3 spell levels left.
You didn't know any spells.
Your spell library was empty.

Dungeon Overview and Level Annotations

Branches:
Dungeon (1/1)

Altars:
Ashenzari
Cheibriados
Dithmenos
Elyvilon
Fedhas
Gozag
Hepliaklqana
Kikubaaqudgha
Makhleb
Nemelex Xobeh
Okawaru
Qazlal
Ru
Sif Muna
Trog
Uskayaw
Vehumet
Wu Jian
Xom
Yredelemnul
Zin
The Shining One
Jiyva
Lugonu


Innate Abilities, Weirdness & Mutations

You are too large for most types of armour.
You have claws for hands.
Your natural rate of healing is unusually fast.
You are covered in fur. (AC +1)
You have tough skin. (AC +1)


Message History

You claw the giant cockroach!
You kill the giant cockroach!
Trog accepts your kill.
The gnoll hits you from afar with a +0 spear!
The gnoll barely misses you.
You see here a giant cockroach corpse.
You barely miss the gnoll. The gnoll hits you with a +0 spear.
You claw the gnoll!
The gnoll is heavily wounded.
You closely miss the flying skull. The gnoll completely misses you.
You miss the flying skull. The flying skull hits you.
The gnoll closely misses you. The flying skull hits you.
You barely miss the flying skull. The flying skull barely misses you.
The gnoll hits you from afar with a +0 spear.
You barely miss the flying skull. The flying skull hits you.
The gnoll hits you but does no damage. The flying skull barely misses you.
You closely miss the flying skull. The flying skull barely misses you.
The gnoll completely misses you.
You closely miss the flying skull. The flying skull closely misses you.
You scratch the flying skull.
The flying skull is moderately damaged.
The flying skull hits you!
* * * LOW HITPOINT WARNING * * *
The gnoll hits you from afar with a +0 spear.
* * * LOW HITPOINT WARNING * * *
The flying skull closely misses you.
Unknown command.
You scratch the flying skull.
The flying skull is moderately damaged.
The gnoll hits you from afar with a +0 spear.
* * * LOW HITPOINT WARNING * * *
A gnoll comes into view. It is wielding a +0 spear.
The flying skull hits you but does no damage.
You barely miss the flying skull.
The flying skull is moderately damaged.
The gnoll shouts!
The flying skull hits you!
* * * LOW HITPOINT WARNING * * *
The gnoll hits you from afar with a +0 spear.
You die...

##########'##.....
#.?(.')))'.##.....
##########.##.....
#...........'.....
#'#####'#####.....
#.#..#..#..##.....
#)#..'..'..#####'#
#)##†####)###.....
#@#........##.....
#z#........##.....
#g#####'#####...<.
#.#...)))[.##.....
#.#...)))[.##.....
#'###########.....
#...gggg# ######
#g###gg.# #.# .#


You could see a flying skull and 2 gnolls.

Vanquished Creatures
  A jelly (D)
  5 gnolls (D)
  A river rat (D)
  An ufetubus (D)
  A ball python (D)
  2 giant cockroaches (D)
  2 hobgoblins (D)
  A jackal zombie (D)
  A rat (D)
15 creatures vanquished.

Notes
Turn   | Place    | Note
-------+----------+-------------------------------------------
     0 | D        | sircluck the Troll Berserker began the quest for the Orb.
     0 | D        | Reached XP level 1. HP: 22/22 MP: 0/0
    24 | D        | Found a bloodstained altar of Trog.
    24 | D        | Found a shimmering blue altar of Sif Muna.
    24 | D        | Found a viscous altar of Jiyva.
    24 | D        | Found a hazy altar of Hepliaklqana.
    24 | D        | Found an opulent altar of Gozag.
    25 | D        | Found a glowing golden altar of the Shining One.
    25 | D        | Found a glowing silver altar of Zin.
    25 | D        | Found a basalt altar of Yredelemnul.
    25 | D        | Found a shimmering altar of Xom.
    25 | D        | Found an ornate altar of the Wu Jian Council.
    25 | D        | Found a sacrificial altar of Ru.
    25 | D        | Found a stormy altar of Qazlal.
    25 | D        | Found an iron altar of Okawaru.
    25 | D        | Found a sparkling altar of Nemelex Xobeh.
    25 | D        | Found a burning altar of Makhleb.
    25 | D        | Found a blossoming altar of Fedhas.
    25 | D        | Found a white marble altar of Elyvilon.
    25 | D        | Found a shadowy altar of Dithmenos.
    25 | D        | Found a snail-covered altar of Cheibriados.
    29 | D        | Found a corrupted altar of Lugonu.
    29 | D        | Found a radiant altar of Vehumet.
    30 | D        | Found a broken altar of Ashenzari.
    30 | D        | Found an ancient bone altar of Kikubaaqudgha.
    30 | D        | Found a hide-covered altar of Uskayaw.
    76 | D        | Reached ** piety under Trog
    77 | D        | Reached XP level 2. HP: 31/31 MP: 1/1
    98 | D        | Reached *** piety under Trog
    99 | D        | Reached skill level 5 in Unarmed Combat
    99 | D        | Reached XP level 3. HP: 19/39 MP: 2/2
   173 | D        | Reached **** piety under Trog
   174 | D        | Reached XP level 4. HP: 49/49 MP: 3/3
   181 | D        | Reached skill level 5 in Fighting
   181 | D        | Noticed a flying skull
   197 | D        | HP: 1/50 [flying skull (10)]
   197 | D        | Slain by a gnoll

Illustrated notes

Levels and vault maps discovered:
D:        pitsprint [storerooms_1, entrance_room_1, metal_vault_2, armoury_1,
          mini_pit_1, grid_room_1, main_hall_1, silver_pit, the_coven_1,
          the_vestibule_1, steel_vault_3, golden_pit, hallway_of_sentries,
          crystal_vault_1, iron_vault_3, final_vault]

Skill      XL: |  1  2  3  4 |
---------------+-------------+-----
Fighting       | 3 4 5 |  5.0
Dodging        | 3 4 |  4.9
Unarmed Combat | 5 |  5.9

Action                     |  1- 3 |  4- 6 || total
---------------------------+-------+-------++-------
  Melee: Unarmed           |    32 |    21 ||    53
         Punch             |     1 |       ||     1
 Armour: Animal skin       |    18 |    22 ||    40
  Dodge: Dodged            |    16 |    12 ||    28

Table legend: (Time is in decaauts)
 A = Elapsed time spent in this place.
 B = Non-inter-level travel time spent in this place.
 C = Inter-level travel time spent in this place.
 D = Time resting spent in this place.
 E = Time spent auto-exploring this place.
 F = Levels seen in this place.
 G = Mean time per level.
                   A        B        C        D        E       F      G
               +--------+--------+--------+--------+--------+-----+--------+
         Total |    192 |    192 |      0 |      0 |     76 |   1 |  192.0 |
       Dungeon |    192 |    192 |      0 |      0 |     76 |   1 |  192.0 |
               +--------+--------+--------+--------+--------+-----+--------+

Top non-repeatable levels by time:
       D: 192 daAuts
